 Dungeon Crawl Stone Soup version 0.31-a0-876-gfe8ebadbca (webtiles) character file.

Game seed: 13035890702748672324

2 kae the Vexing (level 1, 0/13 HPs)
             Began as a Demonspawn Enchanter on Oct 13, 2023.
             Succumbed to a kobold's poison
             ... on level 1 of the Dungeon.
             The game lasted 00:00:10 (53 turns).

kae the Vexing (Demonspawn Enchanter)                 Turns: 53, Time: 00:00:10

Health: 0/13       AC:  2    Str:  8    XL:     1   Next: 33%
Magic:  3/3        EV: 12    Int: 16    God:
Gold:   0          SH:  0    Dex: 13    Spells: 4/4 levels left

rFire   . . .        a - +1 dagger
rCold   + . .        (no shield)
rNeg    . . .        b - +0 robe
rPois   +            (no helmet)
rElec   .            (no cloak)
rCorr   .            (no gloves)
SInv    .            (no boots)
Will    .....        (no amulet)
Stlth   ++           (no ring)
HPRegen 0.22/turn    (no ring)
MPRegen 0.08/turn

%: no passive effects
@: lethally poisoned (0 -> 0), invisible
A: cold resistance 1, poison resistance
a: no special abilities


You were on level 1 of the Dungeon.
You visited 1 branch of the dungeon, and saw 1 of its levels.


Innate Abilities, Weirdness & Mutations

Your flesh is cold resistant. (rC+)
Your system is resistant to poisons. (rPois)


   Skills:
 + Level 0.0 Fighting
 * Level 1.0 Short Blades
 + Level 1.8 Dodging
 + Level 2.7 Stealth
 + Level 2.0 Spellcasting
 * Level 3.0 Hexes


You had 4 spell levels left.
You didn't know any spells.
Your spell library contained the following spells:

 Spells                   Type           Power      Damage    Failure   Level
 Ensorcelled Hibernation  Hex/Ice        12%        N/A       17%         2
 Confusing Touch          Hex            11%        N/A       19%         3
 Tukima's Dance           Hex            11%        N/A       19%         3
 Dazzling Flash           Conj/Hex       12%        N/A       32%         3

Inventory:

Hand Weapons
 a - a +1 dagger (weapon)
Armour
 b - a +0 robe (worn)
Scrolls
 d - a scroll of immolation {unknown}
Potions
 c - a potion of invisibility

Dungeon Overview and Level Annotations

Branches:
Dungeon (1/15) Zot: 5947

Altars:

###+## .. #....#
..) #....# $...
#....# ###....
#....# .....#
#....#### .....#
###.#†..##.b...#
#.....@))....+
###...##.....#
#...# ######
#...# ###.#
#.#### #....##
###...## .#
#....## .#


You could see a bat.


Message History

Lua error: /dgldir/rcfiles/crawl-git/kae.rc:525: unexpected symbol near '#' 🤖 Initializing magus.rc ...
Bad monster_list_colour key: strict_neutral Bad channel name 'pray' for runrest: 'pray:' Options error: Missing colour in message_colour setting: 'that.*feels deathly cold' Options error: Missing colour in message_colour setting: 'and you must be Full or above to equip it' Options error: Missing colour in message_colour setting: 'but rights himself reflexively soon after' Options error: Missing colour in message_colour setting: 'before it is too late' ✅ Successfully initialized magus.rc [v1.11.3] Welcome, kae the Demonspawn Enchanter.
It's a long way down to the Orb of Zot, but that shouldn't be any trouble.
Press ? for a list of commands and other information.
Found a scroll labelled YNERAH BEDDUEB, a leather armour and a dagger.
Found a staircase leading out of the dungeon.
d - a scroll labelled YNERAH BEDDUEB
e - an amethyst potion A ball python comes into view.
A ball python is nearby!
A ball python is nearby!
You hit the ball python.
You kill the ball python!
You see here a ball python corpse.
You see here a ball python corpse.
You open the large door.
A goblin comes into view. It is wielding a +0 dagger.
A kobold comes into view. It is wielding a +1 dagger of venom.
The kobold shouts!
A bat comes into view.
There is a large open door here.
There is a large open door here.
There are monsters nearby!
You closely miss the goblin. You hit the goblin.
The goblin hits you with a +0 dagger. The bat closely misses you. 😕 HP[-2]
You take 2 damage, and now have 11/13 hp.
You hit the goblin.
You kill the goblin!
The bat hits you but does no damage. x2
You hit the kobold. The bat closely misses you.
The kobold hits you with a +1 dagger of venom.
You are lethally poisoned!
You feel very sick. The bat misses you.
There is a large open door here. 😮 HP[-3]
You take 3 damage, and now have 8/13 hp.
MASSIVE DAMAGE!! (PAUSE) It was a potion of mutation.
You feel extremely strange.
You feel resistant to poisons.
You feel resistant to cold.
* * * LOW HITPOINT WARNING * * *
You feel sick.
The bat hits you but does no damage. 😨 HP[-2]
You take 2 damage, and now have 6/13 hp.
Unknown command.
You fade into invisibility!
* * * LOW HITPOINT WARNING * * *
You feel sick. 😨 HP[-1]
You take 1 damage, and now have 5/13 hp.
You hit the kobold.
You kill the kobold!
* * * LOW HITPOINT WARNING * * *
You feel sick. The bat completely misses you. The bat closely misses you.
Your Short Blades skill increases to level 1! 😱 HP[-2]
You take 2 damage, and now have 3/13 hp.
You closely miss the bat.
* * * LOW HITPOINT WARNING * * *
You feel sick. The bat hits you but does no damage.
* * * LOW HITPOINT WARNING * * *
You feel sick. The bat completely misses you. The bat closely misses you.
There is a large open door here.
Things that are here:
a +1 dagger of venom; a kobold corpse; 😱 HP[-1]
You take 1 damage, and now have 2/13 hp.
You closely miss the bat.
* * * LOW HITPOINT WARNING * * *
You feel sick. The bat barely misses you. 😱 HP[-1]
You take 1 damage, and now have 1/13 hp.
You die...

Skill      XL: |  1 |
---------------+----+-----
Short Blades   | 1 |  1.0
Dodging        | |  1.8
Stealth        | |  2.7
Spellcasting   | |  2.0
Hexes          | |  3.0

Action                     || total
---------------------------++-------
  Melee: Dagger            ||     8
    Use: Potion            ||     2
 Armour: Robe              ||     6
  Dodge: Dodged            ||     8

Levels and vault maps discovered:
D:1:      elethiomel_arrival_shortcut, layout_basic

Notes
Turn   | Place    | Note
-------+----------+-------------------------------------------
     0 | D:1      | kae the Demonspawn Enchanter began the quest for the Orb.
     0 | D:1      | Reached XP level 1. HP: 13/13 MP: 3/3
     0 | D:1      | magus.rc [v1.11.3]
    47 | D:1      | Gained mutation: Your system is resistant to poisons.
                  | (rPois) [potion of mutation]
    47 | D:1      | Gained mutation: Your flesh is cold resistant. (rC+)
                  | [potion of mutation]
    49 | D:1      | HP: 3/13 [poisoned by a kobold]
    50 | D:1      | Reached skill level 1 in Short Blades
    52 | D:1      | HP: 1/13 [poisoned by a kobold]
    53 | D:1      | Succumbed to a kobold's poison

Vanquished Creatures
  A goblin (D:1)
  A ball python (D:1)
  A kobold (D:1)
3 creatures vanquished.

Table legend:
 A = Non-vault XP
 B = Vault XP
 C = Vault XP percentage of total XP
 D = Non-vault monster count
 E = Vault monster count
 F = Vault count percentage of total count
                 A         B        C        D         E       F
            +---------+---------+-------+---------+---------+-------
      Total |       4 |       0 |   0.0 |       3 |       0 |   0.0
            +---------+---------+-------+---------+---------+-------
        D:1 |       4 |       0 |   0.0 |       3 |       0 |   0.0
            +---------+---------+-------+---------+---------+-------

Skill      XL: |  1 |
---------------+----+-----
Short Blades   | 1 |  1.0
Dodging        | |  1.8
Stealth        | |  2.7
Spellcasting   | |  2.0
Hexes          | |  3.0

Action                     || total
---------------------------++-------
  Melee: Dagger            ||     8
    Use: Potion            ||     2
 Armour: Robe              ||     6
  Dodge: Dodged            ||     8

Illustrated notes

Table legend:
 A = Kills in this place as a percentage of kills in the entire game.
 B = Kills by you in this place as a percentage of kills by you in the entire game.
 C = Kills by friends in this place as a percentage of kills by friends in the entire game.
 D = Other kills in this place as a percentage of other kills in the entire game.
 E = Experience gained in this place as a percentage of experience gained in the entire game.
 F = Experience gained in this place divided by the number of levels of this place that you have seen.
                   A       B       C       D       E      F
               +-------+-------+-------+-------+-------+----------------------
         Total | 100.0 | 100.0 |   N/A |   N/A | 100.0 |   4.0
       Dungeon | 100.0 | 100.0 |   N/A |   N/A | 100.0 |   4.0
               +-------+-------+-------+-------+-------+----------------------

Table legend: (Time is in decaauts)
 A = Elapsed time spent in this place.
 B = Non-inter-level travel time spent in this place.
 C = Inter-level travel time spent in this place.
 D = Time resting spent in this place.
 E = Time spent auto-exploring this place.
 F = Levels seen in this place.
 G = Mean time per level.
                   A        B        C        D        E       F      G
               +--------+--------+--------+--------+--------+-----+--------+
         Total |     52 |     52 |      0 |      0 |     32 |   1 |   52.0 |
       Dungeon |     52 |     52 |      0 |      0 |     32 |   1 |   52.0 |
               +--------+--------+--------+--------+--------+-----+--------+

Top non-repeatable levels by time:
     D:1: 52 daAuts
